 Dungeon Crawl Stone Soup version 0.27-a0-637-g3a9f0a9c12 (webtiles) character file.

Game seed: 10613996551388130722

34 Aggronaut the Ruffian (level 3, -5/31 HPs)
             Began as a Ghoul Monk on Mar 15, 2021.
             Slain by Terence
             ... wielding a +1 flail of protection
              (7 damage)
             ... on level 1 of the Dungeon.
             The game lasted 00:02:11 (1047 turns).

Aggronaut the Ruffian (Ghoul Monk)                  Turns: 1047, Time: 00:02:12

Health: -5/31      AC:  6    Str: 14    XL:     3   Next: 31%
Magic:  2/2        EV: 12    Int:  5    God:
Gold:   26         SH:  0    Dex: 12    Spells: 2/2 levels left

rFire    . . .     SeeInvis .     - Unarmed
rCold    + . .     Faith    .   (no shield)
rNeg     + + +     Spirit   .   a - +0 robe
rPois    ∞         Reflect  .   (no helmet)
rElec    .         Harm     .   (no cloak)
rCorr    .         Rampage  .   (no gloves)
Will     .....                  (no boots)
Stlth    ++........             (no amulet)
HPRegen  0.00/turn              b - +4 ring of protection
MPRegen  0.08/turn              (no ring)

@: no status effects
A: claws 1, cold resistance 1, negative energy resistance 3, inhibited
regeneration, torment resistance 2, unbreathing 1
a: no special abilities


You were on level 1 of the Dungeon.
You visited 1 branch of the dungeon, and saw 2 of its levels.

You collected 26 gold pieces.

Inventory:

Missiles
 d - 28 poisoned darts (quivered)
Armour
 a - a +0 robe (worn)
Jewellery
 b - a +4 ring of protection (right claw)
Scrolls
 e - a scroll of teleportation {unknown}
Potions
 c - a potion of mutation {unknown}
 f - a potion of curing {unknown}


   Skills:
 - Level 3.3 Fighting
 - Level 2.7 Dodging
 + Level 3.0 Stealth
 * Level 4.2 Unarmed Combat


You had 2 spell levels left.
You didn't know any spells.
Your spell library was empty.

Dungeon Overview and Level Annotations

Branches:
Dungeon (2/15)

Altars:

Annotations:
D:1 Terence


Innate Abilities, Weirdness & Mutations

You thrive by killing the living.
You are immune to poison.
You have sharp fingernails.
Your flesh is cold resistant. (rC+)
You are immune to negative energy. (rN+++)
You do not regenerate when monsters are visible.
You are immune to unholy pain and torment.
You can survive without breathing.


Message History

Terence barely misses you.
You scratch Terence.
Terence is moderately wounded.
Terence completely misses you.
You scratch Terence.
Terence is heavily wounded.
You barely miss Terence.
Terence is heavily wounded.
Terence hits you with a +1 flail of protection.
You claw Terence!
Terence is severely wounded.
Terence hits you with a +1 flail of protection.
You scratch Terence but do no damage. You claw Terence.
Terence is almost dead.
Terence hits you with a +1 flail of protection.
You scratch Terence but do no damage.
Terence is almost dead.
You scratch Terence but do no damage.
Terence is almost dead.
Terence hits you with a +1 flail of protection.
You scratch Terence but do no damage.
Terence is almost dead.
Terence hits you with a +1 flail of protection.
* * * LOW HITPOINT WARNING * * *
You scratch Terence.
Terence is almost dead.
Terence barely misses you.
You barely miss Terence.
Terence is almost dead.
Terence closely misses you.
You scratch Terence but do no damage. You claw Terence, but do no damage.
Terence is almost dead.
You barely miss Terence.
Terence is almost dead.
Terence hits you with a +1 flail of protection!
* * * LOW HITPOINT WARNING * * *
You completely miss Terence.
Terence is almost dead.
Terence hits you with a +1 flail of protection!
You die...

#.....#.##..#..#.#.##..#
#...).#.##..#..#.#.....#
#.....#.##..#).#.#.###.#
#.....#.#...#....[...#.#
######.#......##.######.#.#
.......#.#.#.#..........#.#
######.#.#.#.#.#s#####.##.#
...# #.#.#.#.#.#@# #....#
##.# ###.#.#.#.#@# ######
#.# #.#.#.#.#.#
#.#####.#.....#.#
#.........#.#.#.#
########.#.###.#.#
.........#.......#
########.......#.#
...............#.#
########.......#.#


You could see Terence and a scorpion.

Vanquished Creatures
  2 oozes (D:1)
  A dart slug (D:1)
  A leopard gecko (D:1)
  4 bats (D:1)
  5 goblins (D:1)
  2 hobgoblins (D:1)
  2 kobolds (D:1)
  A ball python (D:2)
  A frilled lizard (D:1)
  4 rats (D:1)
23 creatures vanquished.

Notes
Turn   | Place    | Note
-------+----------+-------------------------------------------
     0 | D:1      | Aggronaut the Ghoul Monk began the quest for the Orb.
     0 | D:1      | Reached XP level 1. HP: 19/19 MP: 0/0
   204 | D:1      | Reached XP level 2. HP: 26/26 MP: 1/1
   536 | D:1      | Reached skill level 4 in Unarmed Combat
   593 | D:1      | Reached XP level 3. HP: 31/31 MP: 2/2
  1008 | D:2      | Noticed Terence
  1008 | D:2      | Noticed a scorpion
  1047 | D:1      | Slain by Terence

Illustrated notes

Levels and vault maps discovered:
D:1:      dpeg_arrival_subterranean_lakeside_camping, layout_basic
D:2:      layout_rooms, nicolae_overflow_crystal_walls, nicolae_ru_awakened_eye,
          kennysheep_small_spiral, kennysheep_generic_room_6,
          uniq_crazy_yiuf_cottage, uniq_terence

Skill      XL: |  1  2  3 |
---------------+----------+-----
Unarmed Combat | 4 |  4.2
Stealth        | 3 |  3.0
Fighting       | |  3.3
Dodging        | |  2.7

Action                   || total
-------------------------++-------
Melee: Unarmed           ||    80
       Punch             ||     2
 Stab: Sleeping          ||     7
Armor: Robe              ||    17
Dodge: Dodged            ||    36

Table legend: (Time is in decaauts)
 A = Elapsed time spent in this place.
 B = Non-inter-level travel time spent in this place.
 C = Inter-level travel time spent in this place.
 D = Time resting spent in this place.
 E = Time spent auto-exploring this place.
 F = Levels seen in this place.
 G = Mean time per level.
                   A        B        C        D        E       F      G
               +--------+--------+--------+--------+--------+-----+--------+
         Total |   1048 |    966 |     82 |     16 |    746 |   2 |  524.0 |
       Dungeon |   1048 |    966 |     82 |     16 |    746 |   2 |  524.0 |
               +--------+--------+--------+--------+--------+-----+--------+

Top non-repeatable levels by time:
     D:1: 1037 daAuts
     D:2: 11 daAuts
